 Dungeon Crawl Stone Soup version 0.28.0-45-g0d030f2227 (webtiles) character file.

Game seed: 4914776015527418522

1666 pkoi the Zephyrmancer (level 8, -8/35 (36) HPs)
             Began as a Spriggan Air Elementalist on Apr 21, 2022.
             Killed from afar by Maggie (32 damage)
             ... with a bolt of fire
             ... on level 6 of the Dungeon.
             The game lasted 00:12:42 (10801 turns).

pkoi the Zephyrmancer (Spriggan Air Elementalist)  Turns: 10801, Time: 00:12:43

HP:   -8/35 (36)    AC:  2    Str:  4    XL:     8   Next: 69%
MP:   2/18          EV: 17    Int: 18    God:
Gold: 248           SH:  0    Dex: 16    Spells: 12/19 levels left

rFire   . . .      SeeInvis +   j - staff of poison
rCold   . . .      Faith    .   (shield currently unavailable)
rNeg    + . .      Spirit   .   a - +0 robe
rPois   +          Reflect  .   (helmet restricted)
rElec   .          Harm     .   u - scarf {+Inv}
rCorr   .          Rampage  .   (gloves unavailable)
Will    +....                   (boots unavailable)
Stlth   +++.......              (no amulet)
HPRegen 0.11/turn               w - ring of positive energy
MPRegen 0.16/turn               (no ring)

@: lightly drained, very quick
A: very small, no large weapons, unfitting armour, see invisible, speed 3
a: Evoke Invisibility


You were on level 6 of the Dungeon.
You visited 1 branch of the dungeon, and saw 7 of its levels.

You collected 270 gold pieces.
You spent 22 gold pieces at shops.

Inventory:

Hand Weapons
 h - a +0 short sword of flaming
 l - a +2 short sword of venom
Missiles
 r - 13 poisoned darts
Armour
 a - a +0 robe (worn)
 u - a scarf of invisibility (worn)
Magical Staves
 j - a staff of poison (weapon)
Jewellery
 k - a ring of fire
 w - a ring of positive energy (left hand)
Wands
 p - a wand of flame (14)
 v - a wand of mindburst (11)
Scrolls
 d - 5 scrolls of teleportation
 e - a scroll of enchant weapon
 m - a scroll of brand weapon
 s - a scroll of fog
 t - a scroll of summoning
 x - a scroll of enchant armour {unknown}
 y - a scroll of blinking
Potions
 b - a potion of heal wounds
 c - 2 potions of flight
 f - 3 potions of invisibility
 g - 2 potions of ambrosia
 i - a potion of might
 n - 2 potions of lignification
 o - a potion of mutation
 q - 2 potions of haste {unknown}


   Skills:
 - Level 2.6 Dodging
 + Level 5.8 Stealth
 - Level 6.0 Spellcasting
 - Level 2.0 Conjurations
 * Level 8.4 Air Magic
 + Level 3.9 Evocations


You had 12 spell levels left.
You knew the following spells:

 Your Spells              Type           Power      Damage    Failure   Level
a - Shock                 Conj/Air       96%        1d9       1%          1
b - Static Discharge      Conj/Air       24%        N/A       2%          2
c - Airstrike             Air            17%        N/A       3%          4

Your spell library contained the following spells:

 Spells                   Type           Power      Damage    Failure   Level
 Swiftness                Air            35%        N/A       1%          3
 Hailstorm                Conj/Ice       9%         3d4       61%         4
 Ice Form                 Ice/Tmut       5%         N/A       75%         4
 Summon Forest            Summ/Tloc      2%         N/A       97%         5
 Summon Mana Viper        Hex/Summ       5%         N/A       97%         5
 Simulacrum               Ice/Necr       2%         N/A       100%        6
 Summon Cactus Giant      Summ           2%         N/A       100%        6


Dungeon Overview and Level Annotations

Branches:
Dungeon (7/15)
 Temple: D:4-7

Altars:
Dithmenos
Elyvilon
Fedhas
Kikubaaqudgha
Makhleb
Ru
Uskayaw
Wu Jian

Shops:
D:2 ?   D:6 ?

Annotations:
D:6 Maggie
D:7 Harold


Innate Abilities, Weirdness & Mutations

You are very small and have problems with some larger weapons.
You are too small for most types of armour.
You have supernaturally acute eyesight. (SInv)
You cover ground extremely quickly. (Speed+++)


Message History

The spell is quite dangerous to miscast (3% risk of failure)!
Continue anyway?
Aiming: Airstrike (quite dangerous; 3% risk of failure)
Press: ? - help, Dir - move target, f - Maggie
Aim: Maggie, wielding a +2 morningstar of draining and wearing +0 acid dragon scales (moderately wounded, empty space bonus: 6/8)
The air twists around and strikes Maggie!
Maggie is heavily wounded.
Maggie misses you.
Unknown command.
Casting: Airstrike (quite dangerous; 3% risk of failure)
Confirm with . or Enter, or press ? or * to list all spells.
The spell is quite dangerous to miscast (3% risk of failure)!
Continue anyway?
Aiming: Airstrike (quite dangerous; 3% risk of failure)
Press: ? - help, Dir - move target, f/p - Maggie
Aim: Maggie, wielding a +2 morningstar of draining and wearing +0 acid dragon scales (heavily wounded, empty space bonus: 6/8)
The air twists around and strikes Maggie!
Maggie is severely wounded.
Maggie barely misses you.
Casting: Airstrike (quite dangerous; 3% risk of failure)
Confirm with . or Enter, or press ? or * to list all spells.
The spell is quite dangerous to miscast (3% risk of failure)!
Continue anyway?
Aiming: Airstrike (quite dangerous; 3% risk of failure)
Press: ? - help, Dir - move target, f/p - Maggie
Aim: Maggie, wielding a +2 morningstar of draining and wearing +0 acid dragon scales (severely wounded, empty space bonus: 6/8)
The air twists around and strikes Maggie!
Maggie is almost dead.
Maggie hits you with a +2 morningstar of draining!
* * * LOW HITPOINT WARNING * * *
You partially resist.
You feel drained.
* * * LOW HITPOINT WARNING * * *
Aiming: Shock (safe; 1% risk of failure)
Press: ? - help, Q - select action, (/) - cycle Shift-Dir - straight line, f/p - Maggie
Aim: Maggie, wielding a +2 morningstar of draining and wearing +0 acid dragon scales (almost dead, 74% to hit)
The zap hits Maggie!
Maggie is almost dead.
Maggie mumbles some strange words.
Maggie attempts to bespell you! You resist with almost no effort.
Maggie points at you and mumbles some strange words.
The bolt of fire hits you!!
Ouch! That really hurt!
You die...

#.# ##[##'##........# #.#. #.#
####...#.##.#####..# #.## ##.##
#......#.##.# #..###.##
###...###.##.>.#∩#..# #...##.##
#.........###..'.≈#.# #...##.##
#.#.....####...@.≈#.#####.).##.##
#.##...........#>##.........##.##
#.##....####...#.#####...........
#.........######@# #####..###.#
.....#.##.# #'# #..# #.#
######>##.# #.# #### #.# ##.##.#
#.# ##_## #.# ###.(.#.#
#.########...###.# #...#...#
#.......#8...8##.. #.#...###
##########...# ### #.##.## ###.##
#.##.# #########.#'##


You could see Maggie.

Vanquished Creatures
  Prince Ribbit (D:6)
  A water moccasin (D:5)
  Pargi (D:4)
  An ice beast (D:5)
  An orc warrior (D:6)
  An ogre (D:5)
  2 phantoms
  A centaur (D:6)
  A kobold brigand (D:5)
  A water moccasin zombie (D:5)
  A scorpion (D:5)
  A howler monkey (D:4)
  A gnoll shaman (D:6)
  2 orc priests
  A bullfrog skeleton (D:6)
  A centaur skeleton (D:5)
  Jessica (D:3)
  Natasha (twice) (D:3)
  An iguana (D:5)
  4 orc wizards
  Terence (D:3)
  3 gnolls (D:6)
  6 adders
  A howler monkey skeleton (D:4)
  2 white imps
  An ufetubus (D:5)
  A worm (D:2)
  3 dart slugs
  10 orcs
  4 ball pythons
  6 bats
  9 endoplasms
  3 giant cockroaches
  5 goblins
  5 hobgoblins
  12 kobolds
  A quokka (D:1)
  2 frilled lizards (D:2)
  4 rats
105 creatures vanquished.

Notes
Turn   | Place    | Note
-------+----------+-------------------------------------------
     0 | D:1      | pkoi the Spriggan Air Elementalist began the quest for the
                  | Orb.
     0 | D:1      | Reached XP level 1. HP: 9/9 MP: 5/5
   332 | D:1      | Reached skill level 3 in Air Magic
   332 | D:1      | Reached XP level 2. HP: 13/13 MP: 3/6
   389 | D:1      | Reached skill level 1 in Conjurations
  1087 | D:1      | Reached XP level 3. HP: 16/16 MP: 4/8
  1833 | D:2      | Found a faded altar of an unknown god.
  1867 | D:2      | Found Iqeder's Magic Scroll Shoppe.
  1875 | D:2      | Bought a scroll of identify for 22 gold pieces
  2628 | D:2      | Reached XP level 4. HP: 19/21 MP: 1/10
  2950 | D:3      | Found a sacrificial altar of Ru.
  2992 | D:3      | Found a burning altar of Makhleb.
  2995 | D:3      | Noticed a balrug
  3344 | D:3      | Noticed Terence
  3469 | D:3      | Killed Terence
  3723 | D:3      | Reached skill level 4 in Air Magic
  3730 | D:3      | Learned a level 2 spell: Static Discharge
  3735 | D:3      | Learned a level 4 spell: Airstrike
  3873 | D:3      | Noticed Jessica
  3877 | D:3      | Killed Jessica
  3878 | D:3      | Reached XP level 5. HP: 24/24 MP: 6/11
  4013 | D:4      | Noticed Natasha
  4019 | D:3      | Killed Natasha
  4365 | D:3      | Noticed Natasha
  4370 | D:3      | Killed Natasha
  4682 | D:4      | Noticed Pargi
  4716 | D:4      | Killed Pargi
  4717 | D:4      | Reached skill level 5 in Air Magic
  4717 | D:4      | Reached XP level 6. HP: 25/28 MP: 0/14
  4944 | D:4      | Found a hide-covered altar of Uskayaw.
  5111 | D:5      | Entered Level 5 of the Dungeon
  5323 | D:5      | Reached skill level 5 in Spellcasting
  5785 | D:5      | Found a shadowy altar of Dithmenos.
  5866 | D:5      | Reached XP level 7. HP: 32/32 MP: 10/16
  5932 | D:5      | Found an ancient bone altar of Kikubaaqudgha.
  6021 | D:5      | Reached skill level 6 in Air Magic
  7105 | D:5      | Reached skill level 7 in Air Magic
  8104 | D:6      | Reached skill level 1 in Evocations
  8104 | D:6      | Reached XP level 8. HP: 6/36 MP: 8/18
  9316 | D:6      | Noticed Prince Ribbit
  9348 | D:6      | Killed Prince Ribbit
  9349 | D:6      | Reached skill level 8 in Air Magic
  9550 | D:6      | Found a blossoming altar of Fedhas.
  9557 | D:6      | Found an ornate altar of the Wu Jian Council.
  9622 | D:6      | Found Sufyohiceo's Magic Scroll Emporium.
  9655 | D:6      | Reached skill level 5 in Stealth
 10397 | D:6      | Noticed a manticore
 10620 | D:6      | Found a white marble altar of Elyvilon.
 10773 | D:7      | Noticed Harold
 10792 | D:7      | Noticed Maggie
 10801 | D:6      | Killed from afar by Maggie

Illustrated notes

Levels and vault maps discovered:
D:1:      lemuel_arrival_muddy, layout_basic, feat_on_display
D:2:      layout_basic, serial_shops, shop_scrolls,
          chequers_ecumenical_altar_island, due_unseen_surprise
D:3:      layout_basic, makhleb_altar_promises_db, mainiacjoe_overflow_paths,
          st_stairs_3, uniq_terence, uniq_jessica
D:4:      layout_rooms, lemuel_tele_altar, uniq_pargi, uniq_natasha
D:5:      layout_loops_ring, lemuel_zombie_altar_kikubaaqudgha,
          mainiacjoe_overflow_concentric_impassable, minivault_27
D:6:      minmay_cornered_nines, layout_loops_ring,
          mainiacjoe_overflow_tiny_flanked, amethyst_overflow_temple_binary,
          serial_shops, nicolae_shop_hallway_stairs, uniq_prince_ribbit1,
          uniq_duvessa
D:7:      layout_rooms, minmay_temple_entry_arrows, kennysheep_pointless_box,
          uniq_harold, uniq_maggie

Skill      XL: |  1  2  3  4  5  6  7  8 |
---------------+-------------------------+-----
Air Magic      | 3 4 5 7 8 |  8.4
Spellcasting   | 3 4 5 6 |  6.0
Conjurations   | 1 2 |  2.0
Evocations     | 1 3 |  3.9
Stealth        | 5 |  5.8
Dodging        | |  2.6

Action                   |  1- 3 |  4- 6 |  7- 9 || total
-------------------------+-------+-------+-------++-------
Melee: Short sword       |    17 |       |     2 ||    19
       Staff             |       |       |     1 ||     1
 Cast: Shock             |   100 |   135 |   133 ||   368
       Static Discharge  |       |     2 |     4 ||     6
       Airstrike         |       |       |    14 ||    14
  Use: Scroll            |     3 |     6 |     3 ||    12
       Potion            |       |     4 |       ||     4
 Stab: Sleeping          |       |       |     2 ||     2
Armor: Robe              |    12 |     3 |     5 ||    20
Dodge: Dodged            |    26 |    12 |    39 ||    77
